 Dungeon Crawl Stone Soup version 0.31-a0-188-g5e087ee2ca (webtiles) character file.

Game seed: 4865104923003898344

599 qw the Skirmisher (level 7, -9/40 HPs)
             Began as a Deep Elf Hunter on June 23, 2023.
             Killed from afar by Dowan (18 damage)
             ... with a shard of ice
             ... on level 5 of the Dungeon.
             The game lasted 00:01:11 (3549 turns).

qw the Skirmisher (Deep Elf Hunter)                 Turns: 3549, Time: 00:01:11

Health: -9/40      AC:  8    Str: 10    XL:     7   Next: 17%
Magic:  9/9        EV: 11    Int: 14    God:
Gold:   352        SH:  0    Dex: 18    Spells: 6/6 levels left

rFire   + . .        a - +0 shortbow (heavy)
rCold   . . .        (shield currently unavailable)
rNeg    . . .        b - +0 ring mail of the Merchant {*Corrode rF+ Slay+6}
rPois   .            (no helmet)
rElec   .            (no cloak)
rCorr   .            (no gloves)
SInv    .            f - +2 pair of boots
Will    .....        (no amulet)
Stlth   +            (no ring)
HPRegen 0.26/turn    (no ring)
MPRegen 0.11/turn

%: corrode self (3%)
@: no status effects
A: no striking features
a: no special abilities


You were on level 5 of the Dungeon.
You visited 2 branches of the dungeon, and saw 6 of its levels.

You collected 352 gold pieces.


   Skills:
 - Level 2.2 Fighting
 + Level 10.3 Ranged Weapons
 - Level 1.9 Armour
 - Level 3.0 Dodging
 - Level 1.2 Stealth


You had 6 spell levels left.
You didn't know any spells.
Your spell library was empty.

Inventory:

Hand Weapons
 a - a +0 heavy shortbow (weapon)
Armour
 b - the +0 ring mail of the Merchant (worn) {*Corrode rF+ Slay+6}
   (You found it on level 2 of the Dungeon)

   Slay:      It affects your accuracy & damage with ranged weapons and melee
   (+6).
   rF:        It protects you from fire.
   *Corrode:  It may corrode you when you take damage.
 f - a +2 pair of boots (worn)
Jewellery
 h - an amulet of guardian spirit
Scrolls
 c - a scroll of identify
Potions
 d - a potion of magic {unknown}
 e - 2 potions of enlightenment
 g - a potion of haste {unknown}
 i - a potion of mutation {unknown}
 j - a potion of invisibility {unknown}
 k - a potion of degeneration {unknown}

Dungeon Overview and Level Annotations

Branches:
Dungeon (5/15)             Temple (1/1) D:5

Altars:
Ashenzari
Cheibriados
Dithmenos
Fedhas
Gozag
Hepliaklqana
Kikubaaqudgha
Makhleb
Nemelex Xobeh
Qazlal
Ru
Sif Muna
Trog
Uskayaw
Vehumet
Wu Jian
Xom
The Shining One

Shops:
D:4 [

Annotations:
D:5 3 runed translucent doors, Dowan; qw's ghost, novice DEHu


Message History

a +1 short sword of venom; a +0 chain mail
Enter note:
Enter note: Dowan and a gnoll come into view.
Dowan shouts!
Dowan seems to find hidden reserves of power!
A gnoll comes into view. It is wielding a +0 whip.
Dowan moves out of view.
Enter note:
Enter note: You shoot an arrow.
The arrow hits the gnoll!
You kill the gnoll!
You shoot an arrow. The arrow closely misses Dowan.
Dowan barely misses you. Dowan casts a spell at you. The stone arrow hits you.
Dowan barely misses you.
You shoot an arrow. The arrow hits Dowan!
Dowan is heavily wounded.
Dowan casts a spell.
Dowan blinks!
You shoot an arrow. The arrow barely misses the gnoll.
A gnoll comes into view. It is wielding a +0 whip.
You shoot an arrow. The gnoll shouts!
The arrow hits the gnoll!!
You kill the gnoll!
You hear a shout!
The gnoll misses you.
You shoot an arrow. The arrow hits the gnoll!!
You kill the gnoll!
Dowan casts a spell at you. The stone arrow hits you!
You shoot an arrow.
The arrow hits Dowan but does no damage.
Dowan is heavily wounded.
Dowan casts a spell at you. The shard of ice hits you! Dowan misses you.
Dowan points at you and mumbles some strange words.
The shard of ice hits you!!
You die...

##..... ##. #.....) #..
#...... .. ##...... ..
##....... ###)
#####........ ....
....)........
...###e#########.#.(....
#....)@.).# ....#......
###..####.##.####......
####..#####.....###..[...
#...............>........
#....########.#..#.#.....
#...## ###..##.<.#.....
#....####..(####..#.####
##.##......### ##..#.####
#..####....## #.........


You could see Dowan (fast).

Vanquished Creatures
  Duvessa (D:5)
  A black bear (D:4)
  A phantom (D:4)
  An orc priest (D:4)
  A hound (D:4)
  Ijyb (D:3)
  A sleepcap (D:5)
  An orc wizard (D:4)
  3 gnolls (D:5)
  6 adders
  A river rat (D:4)
  An ufetubus (D:4)
  4 worms
  5 dart slugs
  6 orcs
  7 ball pythons
  4 bats
  4 endoplasms
  3 giant cockroaches
  3 goblins
  5 hobgoblins
  2 jackals (D:1)
  10 kobolds
  8 quokkas
  2 frilled lizards (D:1)
  8 rats
90 creatures vanquished.

Notes
Turn   | Place    | Note
-------+----------+-------------------------------------------
     0 | D:1      | qw the Deep Elf Hunter began the quest for the Orb.
     0 | D:1      | Reached XP level 1. HP: 12/12 MP: 3/3
     0 | D:1      | 0 ||| qw: Version: 0.3-a-9-g12657ce
     0 | D:1      | 0 ||| qw: Game counter: 3272
     0 | D:1      | 0 ||| qw: Always use a shield: true
     0 | D:1      | 0 ||| qw: God list: Okawaru
     0 | D:1      | 0 ||| qw: Allow faded altars: false
     0 | D:1      | 0 ||| qw: Do Orc after D:15 true
     0 | D:1      | 0 ||| qw: Do second Lair branch before Depths: true
     0 | D:1      | 0 ||| qw: Lair rune preference: random
     0 | D:1      | 0 ||| qw: Plans: Normal
     0 | D:1      | 0 ||| PLANNING D:1-11
   158 | D:1      | Reached skill level 6 in Ranged Weapons
   158 | D:1      | Reached XP level 2. HP: 16/16 MP: 4/4
   570 | D:1      | Reached XP level 3. HP: 20/20 MP: 5/5
   632 | D:1      | 632 ||| READING scroll labelled WEIQOI SEIREHO.
   633 | D:1      | 633 ||| READING scroll labelled VUZEKH KYNAWNO.
   634 | D:1      | 634 ||| READING scroll labelled TUEPNU KE XIDA.
   635 | D:1      | 635 ||| DROPPING scroll of butterflies.
   685 | D:2      | Identified the +0 ring mail of the Merchant {*Corrode rF+
                  | Slay+6}
   710 | D:2      | 710 ||| READING scroll of brand weapon.
   710 | D:2      | 710 ||| BRANDING +0 shortbow of draining.
   865 | D:2      | Reached skill level 7 in Ranged Weapons
  1644 | D:2      | 1644 ||| UPGRADING to +0 ring mail of the Merchant
                  | {*Corrode rF+ Slay+6}.
  1654 | D:2      | 1654 ||| DROPPING +0 leather armour.
  1655 | D:2      | 1655 ||| UPGRADING to +2 pair of boots.
  1660 | D:2      | 1660 ||| READING 2 scrolls labelled UXASOT CEUDUB.
  1661 | D:2      | 1661 ||| READING scroll labelled MAYLYE SUPINT.
  1662 | D:2      | 1662 ||| DROPPING scroll of vulnerability.
  1730 | D:3      | Reached XP level 4. HP: 25/25 MP: 6/6
  1747 | D:3      | 1747 ||| DROPPING amulet of magic regeneration.
  1837 | D:3      | Noticed Ijyb
  1845 | D:3      | HP: 4/25 [constriction (6)]
  1846 | D:3      | Killed Ijyb
  1847 | D:3      | Reached skill level 8 in Ranged Weapons
  2169 | D:3      | 2169 ||| DRINKING 2 dark potions.
  2170 | D:3      | 2170 ||| DROPPING potion of attraction.
  2214 | D:4      | 2214 ||| PLANNING SEWER
  2215 | D:4      | Reached XP level 5. HP: 29/29 MP: 7/7
  2395 | D:4      | Found Witimopac's Armour Boutique.
  2634 | D:4      | Noticed a phantom
  2636 | D:4      | Killed a phantom
  2637 | D:4      | Reached skill level 9 in Ranged Weapons
  2649 | D:4      | 2649 ||| Stepping ~*~*~tactically~*~*~ (outnumbered).
  2651 | D:4      | 2651 ||| Stepping ~*~*~tactically~*~*~ (outnumbered).
  2653 | D:4      | 2653 ||| Stepping ~*~*~tactically~*~*~ (outnumbered).
  2659 | D:4      | Reached XP level 6. HP: 21/35 MP: 8/8
  2667 | D:4      | 2667 ||| FLEEEEING.
  2668 | D:4      | 2668 ||| FLEEEEING.
  2669 | D:4      | 2669 ||| FLEEEEING.
  2689 | D:4      | 2689 ||| FLEEEEING.
  2690 | D:4      | 2690 ||| FLEEEEING.
  2693 | D:4      | 2693 ||| FLEEEEING.
  2694 | D:4      | 2694 ||| FLEEEEING.
  2695 | D:4      | 2695 ||| FLEEEEING.
  2696 | D:4      | 2696 ||| FLEEEEING.
  2697 | D:4      | 2697 ||| FLEEEEING.
  2698 | D:4      | 2698 ||| FLEEEEING.
  2699 | D:4      | 2699 ||| FLEEEEING.
  2700 | D:4      | 2700 ||| FLEEEEING.
  2701 | D:4      | 2701 ||| FLEEEEING.
  2702 | D:4      | 2702 ||| FLEEEEING.
  2705 | D:4      | 2705 ||| FLEEEEING.
  2708 | D:4      | 2708 ||| FLEEEEING.
  2709 | D:4      | 2709 ||| FLEEEEING.
  2714 | D:4      | 2714 ||| FLEEEEING.
  2715 | D:4      | 2715 ||| FLEEEEING.
  2990 | D:4      | 2990 ||| RIP SEWER
  2994 | D:4      | 2994 ||| PLANNING D:1-11
  3059 | D:4      | 3059 ||| READING scroll labelled AFOSENL SUVVA.
  3060 | D:4      | 3060 ||| DRINKING 3 grey potions.
  3061 | D:4      | 3061 ||| READING 2 scrolls of identify.
  3061 | D:4      | 3061 ||| IDENTIFYING murky red potion
  3062 | D:4      | 3062 ||| DROPPING potion of lignification.
  3072 | D:5      | Entered Level 5 of the Dungeon
  3077 | D:5      | 3077 ||| STAIRDANCE
  3086 | D:4      | Reached skill level 10 in Ranged Weapons
  3186 | D:5      | Found a staircase to the Ecumenical Temple.
  3187 | D:5      | 3187 ||| PLANNING TEMPLE
  3203 | Temple   | Entered the Ecumenical Temple
  3277 | Temple   | 3277 ||| PLANNING D:1-11
  3313 | D:5      | HP: 5/35 [sleepcap (20)]
  3315 | D:5      | Reached skill level 3 in Dodging
  3469 | D:5      | Found a runed translucent gate.
  3470 | D:5      | Found a runed translucent gate.
  3470 | D:5      | Found a runed translucent gate.
  3471 | D:5      | Found an opulent altar of Gozag.
  3473 | D:5      | Noticed qw's ghost (novice DEHu)
  3523 | D:5      | Noticed Duvessa
  3527 | D:5      | Killed Duvessa
  3528 | D:5      | Reached skill level 1 in Armour
  3528 | D:5      | Reached XP level 7. HP: 37/40 MP: 9/9
  3542 | D:5      | Noticed Dowan
  3549 | D:5      | HP: 9/40 [Dowan/shard of ice (16)]
  3549 | D:5      | Killed from afar by Dowan

Levels and vault maps discovered:
D:1:      pf_arrival_petrified_forest, layout_loops_cross,
          minmay_misc_feat_ornament, minivault_4
D:2:      minmay_skewed_foursquare, layout_loops_corners
D:3:      layout_rooms, nicolae_the_louvre, uniq_ijyb
D:4:      layout_basic, serial_shops, nicolae_diamond_shop,
          lightli_sewer_entry_pipes
D:5:      layout_rooms, minmay_temple_entry_gardened_gates, ebering_ghost_gozag,
          uniq_duvessa, uniq_sigmund
Temple:   compressed_dpeg_circular_temple

Skill      XL: |  1  2  3  4  5  6 |
---------------+-------------------+-----
Ranged Weapons | 6 7 8 9 10 | 10.3
Fighting       | 2 |  2.2
Dodging        | 3 |  3.0
Armour         | 1 |  1.9
Stealth        | |  1.2

Action                     |  1- 3 |  4- 6 |  7- 9 || total
---------------------------+-------+-------+-------++-------
   Fire: Shortbow          |    92 |    83 |     8 ||   183
    Use: Scroll            |     6 |     2 |       ||     8
         Potion            |       |     2 |       ||     2
 Armour: Leather armour    |     3 |       |       ||     3
         Ring mail         |       |    30 |       ||    30
  Dodge: Dodged            |     8 |    41 |     4 ||    53

Table legend:
 A = Non-vault XP
 B = Vault XP
 C = Vault XP percentage of total XP
 D = Non-vault monster count
 E = Vault monster count
 F = Vault count percentage of total count
                 A         B        C        D         E       F
            +---------+---------+-------+---------+---------+-------
      Total |     626 |     230 |  26.9 |      78 |      12 |  13.3
            +---------+---------+-------+---------+---------+-------
        D:1 |      41 |       0 |   0.0 |      24 |       0 |   0.0
        D:2 |      38 |      11 |  22.4 |      15 |       5 |  25.0
        D:3 |      46 |      36 |  43.9 |      17 |       1 |   5.6
        D:4 |     373 |      36 |   8.8 |      11 |       5 |  31.2
        D:5 |     128 |     147 |  53.5 |      11 |       1 |   8.3
            +---------+---------+-------+---------+---------+-------
